AoeStats
← HELLsing

Arena

510246559Analyzed
3v3 RM · 2d ago on Sep 30, 2026· 48m 38s· 6 players
Game mode
Random Map
Map size
Normal (6 player)
Population
200
Speed
Normal
Resources
Standard
Victory
Conquest
Starting age
Dark Age
Ending age
Imperial Age
RankedLock teamsTeams togetherTeam positionsShared explorationLock speedFull tech treeHidden civsTurbo modeCheats
Victory
Defeat
🇺🇸 Franks · United States
680
+17
🇺🇸 Ethiopians · United States
680
+17
🇺🇸 Turks · United States
679
+17
🇺🇸 Japanese · United States
758
-20
🇹🇷 Vietnamese · Türkiye
699
-17
🇦🇷 Dravidians · Argentina
635
-14
Funstein
13:05 Feudal Age
15:29 Loom
17:53 Castle Age
22:33 Imperial Age
21:44 Double-Bit Axe
22:58 Bow Saw
24:32 Gold Mining
27:23 Wheelbarrow
29:40 Hand Cart
31:16 Bloodlines
31:06 Husbandry
37:40 Gold Shaft Mining
36:58 Stone Mining
36:50 Horse Collar
38:16 Two-Man Saw
37:36 Scale Barding Armor
37:43 Forging
38:07 Fortified Wall
39:44 Conscription
39:28 Artillery
39:46 Heavy Scorpion
40:41 Elite Janissary
41:55 Murder Holes
47:11 Hoardings
ersinbab
12:33 Feudal Age
14:47 Forging
15:35 Loom
18:26 Castle Age
16:41 Double-Bit Axe
20:21 Bow Saw
20:54 Horse Collar
22:22 Gold Mining
25:09 Heavy Plow
25:35 Stone Mining
27:50 Gold Shaft Mining
29:36 Squires
29:21 Arson
30:15 Iron Casting
29:41 Scale Mail Armor
33:22 Imperial Age
33:51 Wheelbarrow
33:49 Ballistics
34:03 Chain Mail Armor
35:05 Blast Furnace
33:27 Halberdier
33:36 Heavy Scorpion
34:48 Conscription
35:41 Stone Shaft Mining
36:27 Chemistry
41:48 Plate Mail Armor
42:00 Torsion Engines
42:52 Hand Cart
Princess Duckling
12:42 Feudal Age
18:13 Castle Age
17:36 Loom
19:50 Gold Mining
22:53 Husbandry
23:20 Fortified Wall
31:01 Imperial Age
34:33 Wheelbarrow
34:10 Cranequins
35:44 Stone Mining
36:30 Gold Shaft Mining
36:52 Scale Barding Armor
36:58 Forging
36:15 Cavalier
39:19 Hand Cart
39:07 Heavy Mounted Crossbowman
42:55 Elite Throwing Axeman
43:03 Paladin
45:35 Elite Throwing Axeman
47:20 Heavy Scorpion
TearsOfDisdain9
0:42 Loom
11:39 Feudal Age
12:05 Double-Bit Axe
12:03 Horse Collar
12:25 Gold Mining
13:38 Wheelbarrow
20:37 Castle Age
20:31 Stone Mining
21:29 Bow Saw
21:33 Heavy Plow
22:49 Gold Shaft Mining
30:23 Imperial Age
28:10 Hand Cart
27:22 Pikeman
28:31 Squires
28:17 Arson
27:56 Elite Skirmisher
32:44 Cavalier
34:14 Imperial Skirmisher
36:24 Padded Archer Armor
36:15 Fletching
36:35 Forging
36:26 Scale Mail Armor
37:17 Thumb Ring
38:57 Two-Man Saw
38:37 Crossbowman
39:41 Kataparuto
40:04 Yasama
40:10 Town Watch
40:45 Caravan
41:09 Husbandry
42:32 Elite Samurai
43:11 Bodkin Arrow
43:31 Leather Archer Armor
43:53 Iron Casting
HÜSREV AĞA
0:34 Loom
12:49 Feudal Age
13:57 Double-Bit Axe
13:57 Horse Collar
14:14 Gold Mining
14:18 Stone Mining
15:26 Wheelbarrow
20:21 Castle Age
20:22 Forging
21:12 Bow Saw
21:07 Heavy Plow
21:47 Pikeman
22:28 Squires
22:13 Arson
23:31 Stone Shaft Mining
26:30 Hand Cart
28:18 Caravan
28:48 Coinage
30:38 Iron Casting
29:54 Fletching
30:05 Padded Archer Armor
30:06 Scale Mail Armor
30:22 Elite Skirmisher
34:06 Chain Mail Armor
34:06 Leather Archer Armor
33:47 Bodkin Arrow
36:59 Imperial Age
35:53 Ballistics
37:08 Elite Rattan Archer
38:18 Paper Money
39:05 Two-Man Saw
40:07 Chemistry
39:14 Halberdier
41:53 Imperial Skirmisher
43:11 Plate Mail Armor
43:53 Crop Rotation
47:36 Bombard Tower
HELLsing
9:57 Feudal Age
10:25 Double-Bit Axe
11:25 Wheelbarrow
19:08 Castle Age
16:59 Horse Collar
17:15 Gold Mining
18:06 Stone Mining
19:34 Pikeman
24:48 Squires
25:07 Hand Cart
25:13 Bow Saw
25:52 Heavy Plow
26:07 Fletching
26:38 Forging
28:23 Iron Casting
Connection lost

Rejoining the realm…

Still unreachable

The connection could not be restored.

Session expired

The server has moved on; the page needs a fresh start.